 Dungeon Crawl Stone Soup version 0.25.1-8-g42b30a86e7 (webtiles) character file.

Game seed: 10327140501358636422

10419 pokeman the Thaumaturge (level 11, -2/60 HPs)
             Began as a Deep Elf Wizard on Dec 12, 2020.
             Was a High Priest of Vehumet.
             Killed from afar by an acid dragon (5 damage)
             ... with a splash of acid
             ... on level 11 of the Dungeon on Dec 13, 2020.
             The game lasted 00:46:35 (13634 turns).

pokeman the Thaumaturge (Deep Elf Wizard)          Turns: 13634, Time: 00:46:36

Health: -2/60      AC:  6    Str:  7    XL:     11   Next: 35%
Magic:  4/31       EV: 16    Int: 27    God:    Vehumet [*****.]
Gold:   944        SH:  5    Dex: 13    Spells: 4/39 levels left

rFire    . . .     SeeInvis +   E - +8 short sword "Cofubb" {pain, *Noise rPois Str+3 SInv}
rCold    . . .     Gourm    .   i - +0 buckler {AC+3}
rNeg     . . .     Faith    .   p - +2 leather armour {MR+}
rPois    +         Spirit   .   b - +0 hat
rElec    .         Reflect  .   L - +0 cloak
rCorr    .         Harm     .   j - +0 pair of gloves
MR       ++...                  (no boots)
Stlth    ++........             (no amulet)
HPRegen  0.20/turn              m - +4 ring of evasion
MPRegen  0.22/turn              B - ring of poison resistance

@: corroded
A: no striking features
a: Renounce Religion


You were on level 11 of the Dungeon.
You worshipped Vehumet.
Vehumet was extremely pleased with you.
You were not hungry.

You visited 2 branches of the dungeon, and saw 12 of its levels.
You also visited: Ossuary.

You collected 944 gold pieces.

Inventory:

Hand Weapons
 E - the +8 short sword "Cofubb" (weapon) {pain, *Noise rPois Str+3 SInv}
   (You took it off a kobold on level 5 of the Dungeon)

   In the hands of one skilled in necromantic magic, it inflicts extra damage on
   living creatures.
   It affects your strength (+3).
   It protects you from poison.
   It lets you see invisible.
   It may make noises in combat.
 F - a +0 shortbow
 M - the +7 mace of Variability {chain chaos}
   (You found it on level 9 of the Dungeon)

   Each time it hits an enemy it has a different, random effect.
Missiles
 e - 41 bolts
 G - 83 arrows
Armour
 b - a +0 hat (worn)
 i - a +0 buckler of protection (worn)
 j - a +0 pair of gloves (worn)
 p - a +2 leather armour of magic resistance (worn)
 L - a +0 cloak (worn)
Jewellery
 f - an uncursed amulet of guardian spirit
 h - an uncursed ring of stealth
 m - a +4 ring of evasion (left hand)
 o - an uncursed ring of teleportation
 B - a ring of poison resistance (right hand)
Wands
 q - a wand of enslavement (2)
 x - a wand of iceblast (9)
 D - a wand of paralysis (19)
 J - a wand of random effects (22)
Scrolls
 a - 3 scrolls of remove curse
 c - 2 scrolls of magic mapping {unknown}
 r - 4 scrolls of enchant weapon {unknown}
 t - 3 scrolls of fear {unknown}
 u - 6 scrolls of teleportation {unknown}
 y - 4 scrolls of amnesia {unknown}
 A - 3 scrolls of blinking {unknown}
 C - 2 scrolls of fog {unknown}
 H - 3 scrolls of identify
 K - a scroll of immolation {unknown}
 N - a scroll of noise {unknown}
Potions
 g - 3 potions of mutation
 k - 3 potions of lignification
 l - 6 potions of curing
 n - a potion of flight {unknown}
 s - 7 potions of heal wounds
 v - 4 potions of haste
 w - a potion of ambrosia
 z - 2 potions of stabbing
 I - 2 potions of might
Comestibles
 d - 21 rations


   Skills:
 - Level 3.3 Fighting
 + Level 2.1 Armour
 - Level 3.2 Dodging
 - Level 4.0 Stealth
 - Level 4.0 Shields
 * Level 14.9 Spellcasting
 + Level 9.0 Conjurations
 - Level 1.0 Charms
 - Level 1.1 Summonings
 - Level 1.1 Translocations
 + Level 7.2 Fire Magic
 - Level 2.1 Ice Magic
 - Level 1.0 Air Magic
 - Level 1.1 Earth Magic
 - Level 2.0 Poison Magic
 - Level 1.0 Evocations


You had 4 spell levels left.
You knew the following spells:

 Your Spells              Type           Power        Failure   Level  Hunger
a - Magic Dart            Conj           ####         1%          1    None
b - Mephitic Cloud        Conj/Pois/Air  #####...     1%          3    None
c - Call Imp              Summ           ####....     3%          2    None
d - Blink                 Tloc           N/A          3%          2    None
e - Conjure Flame         Conj/Fire      ######..     1%          3    None
f - Foxfire               Conj/Fire      ####         1%          1    None
g - Fireball              Conj/Fire      ######....   1%          5    None
h - Swiftness             Chrm/Air       ####....     3%          2    None
i - Freezing Cloud        Conj/Ice/Air   #####.....   28%         6    ####...
j - Shock                 Conj/Air       ####         1%          1    None
k - Stone Arrow           Conj/Erth      #####.       1%          3    None
l - Starburst             Conj/Fire      ######....   5%          6    ####...

Your spell library contained the following spells:

 Spells                   Type           Power        Failure   Level  Hunger
 Iron Shot                Conj/Erth      #####.....   19%         6    ####...
 Dazzling Flash           Conj/Hex       #####.       1%          3    None
 Ignite Poison            Fire/Tmut/Pois #####...     1%          3    None
 Static Discharge         Conj/Air       #####...     1%          3    None
 Beastly Appendage        Tmut           ###...       3%          1    None
 Corona                   Hex            ###....      3%          1    None
 Ensorcelled Hibernation  Hex/Ice        ####..       3%          2    None
 Slow                     Hex            ###.....     6%          2    None
 Sticks to Snakes         Tmut           ###.....     6%          2    None
 Spider Form              Tmut/Pois      ####......   8%          3    None
 Confusing Touch          Hex            ###.....     12%         3    None
 Tukima's Dance           Hex            ###.....     12%         3    None
 Ice Form                 Ice/Tmut       ####....     24%         4    None
 Summon Lightning Spire   Summ/Air       ####....     24%         4    None
 Blade Hands              Tmut           ###.......   71%         5    None
 Ignition                 Fire           ######....   95%         8    #######
 Ring of Flames           Chrm/Fire      #####.....   99%         7    #####..


Dungeon Overview and Level Annotations

Branches:
Dungeon (11/15)            Temple (1/1) D:4            Lair (0/6) D:10
    Orc (0/2) D:11        Ossuary (visited)

Altars:
Ashenzari
Cheibriados
Dithmenos
Elyvilon
Fedhas
Gozag
Hepliaklqana
Kikubaaqudgha
Makhleb
Okawaru
Qazlal
Ru
Sif Muna
Trog
Uskayaw
Vehumet
Wu Jian
Xom
Yredelemnul
Zin
The Shining One

Shops:
D:8 :*


Message History

You kill Maurice!
Vehumet accepts your kill.
You feel your power returning.
You hear a roar!
An acid dragon comes into view.
Casting: Fireball (dangerous; 1% risk of failure)
Confirm with . or Enter, or press ? or * to list all spells.
Aiming: Fireball (dangerous; 1% risk of failure)
Press: ? - help, Shift-Dir - straight line The fireball explodes!
The fireball engulfs the acid dragon!!
The acid dragon is severely wounded.
The acid dragon spits acid at you. The splash of acid hits you!
The acid corrodes you!
You are splashed with acid!
The acid dragon spits acid at you. The splash of acid hits you!
You are splashed with acid!
* * * LOW HITPOINT WARNING * * *
There is a stone staircase leading up here.
The acid dragon spits acid at you. The splash of acid hits you.
You die...

..<....)### ###....
......#.)## ###.#
########.)### #..#
##.).## ###.##
##.).#####...#
#############...##...##
#........#####...#...#
#...........###.....##
#......@......###...#
#...............##.##
##.................#
#................##
#................#
#>..............##
##.....†........#
#.........D...##
#.............#


You could see an acid dragon (catching breath).

Vanquished Creatures
  Harold (D:10)
  Nergalle (D:10)
  Maurice (D:11)
  The ghost of Greyn the Shield-Bearer, an amateur DDFi (D:5)
  2 polar bears (D:10)
  A hornet (D:11)
  2 hippogriffs
  A centaur simulacrum (D:10)
  A spriggan (D:8)
  A wyvern (D:11)
  A hungry ghost (D:7)
  6 yaks
  2 chaos spawn (D:9)
  3 wargs (D:10)
  An acid dragon (D:11)
  3 sky beasts
  6 orc warriors
  A phantom (D:5)
  3 ice beasts
  2 eyes of draining
  5 ogres
  3 centaurs
  A big kobold (D:6)
  An elf zombie (Ossuary)
  8 bullfrogs
  4 scorpions
  2 hornet simulacra (D:10)
  10 killer bees (D:9)
  4 howler monkeys
  An electric eel (D:10)
  A jelly (D:10)
  5 crimson imps
  2 bullfrog zombies (D:6)
  2 centaur skeletons
  4 hounds
  A quasit (D:7)
  8 orc priests
  2 bullfrog skeletons
  6 iguanas
  13 orc wizards
  5 worker ants
  A killer bee zombie (D:7)
  A big kobold zombie (Ossuary)
  2 hound zombies
  2 hound skeletons
  4 mummies (Ossuary)
  2 worker ant zombies
  A howler monkey skeleton (D:4)
  10 adders
  8 gnolls
  2 shadow imps
  3 white imps (D:10)
  An ufetubus (D:10)
  7 adder zombies
  3 adder skeletons
  3 worms
  7 leopard geckos
  43 orcs
  A ball python (D:2)
  6 bats
  8 giant cockroaches
  A gnoll zombie (Ossuary)
  A goblin (D:3)
  3 hobgoblins
  12 jackals
  3 quokkas (D:8)
  17 frilled lizards
  A giant cockroach zombie (D:5)
  3 jackal zombies (Ossuary)
  14 kobolds
  3 kobold zombies
  A leopard gecko skeleton (D:5)
  A leopard gecko zombie (D:6)
  2 orc zombies
  A quokka zombie (D:7)
  4 rats
310 creatures vanquished.

Vanquished Creatures (collateral kills)
  An ogre (D:2)
  A killer bee (D:9)
  An orc wizard (D:5)
  A mummy (D:5)
  2 orcs (D:5)
  4 kobolds (D:5)
10 creatures vanquished.

Vanquished Creatures (others)
  A big kobold (D:5)
  409 foxfires
  2 fungi (D:5)
  3 plants
415 creatures vanquished.

Grand Total: 735 creatures vanquished

Notes
Turn   | Place    | Note
-------+----------+-------------------------------------------
     0 | D:1      | pokeman the Deep Elf Wizard began the quest for the Orb.
     0 | D:1      | Reached XP level 1. HP: 10/10 MP: 7/7
   443 | D:1      | Reached XP level 2. HP: 16/16 MP: 4/9
   911 | D:2      | Noticed an ogre
  1270 | D:2      | Reached skill level 5 in Spellcasting
  1329 | D:2      | Reached XP level 3. HP: 20/20 MP: 6/11
  1341 | D:2      | Learned a level 3 spell: Mephitic Cloud
  1344 | D:2      | Learned a level 2 spell: Call Imp
  1420 | D:2      | Reached skill level 1 in Fighting
  1420 | D:2      | Reached skill level 1 in Armour
  1602 | D:2      | Learned a level 2 spell: Blink
  1606 | D:2      | Learned a level 3 spell: Conjure Flame
  1635 | D:2      | Found a faded altar of an unknown god.
  1816 | D:2      | Killed an ogre
  1816 | D:2      | Reached XP level 4. HP: 16/25 MP: 6/13
  2716 | D:3      | Reached skill level 6 in Spellcasting
  2716 | D:3      | Reached XP level 5. HP: 29/29 MP: 10/15
  3973 | D:4      | Found a staircase to the Ecumenical Temple.
  3987 | Temple   | Entered the Ecumenical Temple
  4057 | Temple   | Became a worshipper of Vehumet
  4223 | D:4      | Identified the Papyrus of the Feathery Blaze
  4227 | D:4      | Learned a level 1 spell: Foxfire
  4230 | D:4      | Learned a level 2 spell: Swiftness
  4318 | D:4      | Reached XP level 6. HP: 20/35 MP: 12/17
  4927 | D:4      | Reached skill level 7 in Spellcasting
  5417 | D:5      | Entered Level 5 of the Dungeon
  5421 | D:5      | Found a runed translucent gate.
  5422 | D:5      | Found a runed translucent gate.
  5422 | D:5      | Noticed Greyn's ghost (amateur DDFi)
  5422 | D:5      | Identified the +8 short sword "Cofubb" {pain, *Noise rPois
                  | Str+3 SInv}
  5423 | D:5      | Found a runed translucent gate.
  5447 | D:5      | Found a sand-covered staircase.
  5467 | Ossuary  | Entered an ossuary
  5495 | Ossuary  | Reached skill level 1 in Shields
  5495 | Ossuary  | Reached XP level 7. HP: 24/40 MP: 6/20
  5954 | D:5      | Reached skill level 1 in Fire Magic
  5954 | D:5      | Reached skill level 1 in Air Magic
  6168 | D:5      | Found a sacrificial altar of Ru.
  6182 | D:5      | Reached skill level 8 in Spellcasting
  6309 | D:5      | Found an ornate altar of the Wu Jian Council.
  6311 | D:5      | Found a hide-covered altar of Uskayaw.
  6312 | D:5      | Found a hazy altar of Hepliaklqana.
  6314 | D:5      | Found a glowing silver altar of Zin.
  6315 | D:5      | Found a blossoming altar of Fedhas.
  6334 | D:5      | Reached * piety under Vehumet
  6334 | D:5      | Offered knowledge of Shock by Vehumet.
  6337 | D:5      | Learned a level 1 spell: Shock
  6344 | D:5      | Learned a level 6 spell: Freezing Cloud
  6666 | D:5      | Found an iron altar of Okawaru.
  6762 | D:5      | Reached skill level 1 in Poison Magic
  6800 | D:5      | Killed Greyn's ghost
  6800 | D:5      | Reached XP level 8. HP: 28/44 MP: 3/22
  6981 | D:6      | Reached skill level 9 in Spellcasting
  7000 | D:6      | Reached skill level 1 in Evocations
  7176 | D:6      | Reached skill level 1 in Charms
  7179 | D:6      | Offered knowledge of Freeze by Vehumet.
  7188 | D:6      | Reached ** piety under Vehumet
  7188 | D:6      | Reached skill level 5 in Conjurations
  7194 | D:6      | Reached skill level 1 in Ice Magic
  7400 | D:6      | Reached skill level 10 in Spellcasting
  8329 | D:7      | Reached XP level 9. HP: 25/48 MP: 15/25
  8332 | D:7      | Offered knowledge of Ignite Poison by Vehumet.
  8349 | D:7      | Reached skill level 11 in Spellcasting
  8573 | D:7      | Found a snail-covered altar of Cheibriados.
  8700 | D:7      | Reached *** piety under Vehumet
  8949 | D:8      | Found Gelekhluo's Book Shop.
  9563 | D:8      | Reached skill level 12 in Spellcasting
  9565 | D:8      | Offered knowledge of Stone Arrow by Vehumet.
  9570 | D:8      | Learned a level 3 spell: Stone Arrow
  9666 | D:8      | Found a white marble altar of Elyvilon.
  9668 | D:8      | Found Efe Vixt's Hallowed Reliquary.
  9670 | D:8      | Noticed an angel
  9675 | D:8      | Found a basalt altar of Yredelemnul.
  9729 | D:8      | Found a shimmering blue altar of Sif Muna.
  9731 | D:8      | Found an iron altar of Okawaru.
  9776 | D:8      | Found a shadowy altar of Dithmenos.
  9921 | D:8      | Reached skill level 1 in Earth Magic
 10334 | D:9      | Reached XP level 10. HP: 11/53 MP: 2/28
 10335 | D:9      | Reached skill level 5 in Fire Magic
 10597 | D:9      | Found a shimmering altar of Xom.
 10598 | D:9      | Found the +7 mace of Variability {chain chaos}
 10808 | D:9      | Reached **** piety under Vehumet
 10931 | D:9      | Reached skill level 13 in Spellcasting
 11216 | D:10     | Entered Level 10 of the Dungeon
 11216 | D:10     | Noticed Nergalle
 11224 | D:10     | Killed Nergalle
 11793 | D:10     | Offered knowledge of Iskenderun's Battlesphere by Vehumet.
 11984 | D:10     | Noticed Harold
 11998 | D:10     | Killed Harold
 12129 | D:10     | Reached skill level 14 in Spellcasting
 12395 | D:10     | Found a staircase to the Lair.
 12439 | D:10     | Reached XP level 11. HP: 59/59 MP: 28/31
 12815 | D:10     | Learned a level 5 spell: Fireball
 12822 | D:10     | Learned a level 6 spell: Starburst
 13145 | D:11     | Found a staircase to the Orcish Mines.
 13195 | D:11     | Reached ***** piety under Vehumet
 13418 | D:11     | Offered knowledge of Iron Shot by Vehumet.
 13623 | D:11     | Noticed Maurice
 13626 | D:11     | Killed Maurice
 13633 | D:11     | HP: 3/60 [acid (16)]
 13634 | D:11     | Killed from afar by an acid dragon

Illustrated notes

Levels and vault maps discovered:
D:1:      moated_graveyard_arrival, layout_loops_ring, minmay_lizard_king
D:2:      layout_basic, chequers_ecumenical_altar_grove, minmay_tetromino_i2
D:3:      layout_basic, first_ration, serial_forest,
          infiniplex_forest_lined_room_, infiniplex_forest_straight_2,
          infiniplex_forest_straight_4, infiniplex_forest_lined_4_way,
          infiniplex_forest_straight_1, infiniplex_forest_straight_2,
          infiniplex_forest_lined_3, infiniplex_forest_clump_cross,
          infiniplex_forest_straight_5
D:4:      layout_basic, minmay_temple_entry_nine_rooms
D:5:      layout_rooms, grunt_temple_overflow_open,
          gammafunk_ghost_nasty_kobolds, nicolae_ossuary_entry_giza,
          basic_altar, okawaru_altar_gauntlet_db
D:6:      layout_gridville, serial_undead, serial_undead_d, serial_undead_a,
          serial_undead_f, serial_undead_c
D:7:      layout_rooms, basic_altar
D:8:      layout_cave_pods, nicolae_overflow_quartered_altars,
          serial_column_ruins, column_ruins_open_medium, column_ruins_grid_3,
          column_ruins_grid_2, column_ruins_open_medium, serial_shops, shop,
          the_bakery, st_stairs_5, nrook_campfire, nicolae_good_shop
D:9:      layout_small_grid, minmay_guarded_unrand_variability
D:10:     layout_roguey, erik_lair_orcish_takeover, serial_ice, serial_ice_o,
          serial_ice_i, serial_ice_d, serial_ice_c, minmay_misc_feat_iff,
          serial_park_tiny_1, corexii_leaking_fountain, uniq_harold,
          uniq_nergalle
D:11:     minmay_the_grid_triangle_9x9_rhombus_full_mashed
          [minmay_the_grid_triangle_9x9_cache,
          minmay_the_grid_triangle_9x9_skeleton,
          minmay_the_grid_triangle_9x9_descending_squares,
          minmay_the_grid_triangle_9x9_zippers_vertical,
          minmay_the_grid_triangle_9x9_fully_insulated_deathbox,
          minmay_the_grid_triangle_9x9_warning,
          minmay_the_grid_triangle_9x9_minimal,
          minmay_the_grid_triangle_9x9_prize_center], layout_cave_pods,
          hiddenorc1_lemuel, grunt_gozag_statues, uniq_sonja, uniq_maurice
Temple:   cyrus_circular_temple

Skill      XL: |  1  2  3  4  5  6  7  8  9 10 11 |
---------------+----------------------------------+-----
Spellcasting   | 5 6 7 8 10 12 14 | 14.9
Fighting       | 1 2 3 |  3.3
Armour         | 1 2 |  2.1
Conjurations   | 2 3 4 5 7 8 9 |  9.0
Dodging        | 3 |  3.2
Shields        | 1 2 4 |  4.0
Fire Magic     | 1 2 4 6 7 |  7.2
Air Magic      | 1 |  1.0
Poison Magic   | 2 |  2.0
Stealth        | 3 4 |  4.0
Evocations     | 1 |  1.0
Charms         | 1 |  1.0
Ice Magic      | 2 |  2.1
Earth Magic    | 1 |  1.1
Summonings     | |  1.1
Translocations | |  1.1

Action                   |  1- 3 |  4- 6 |  7- 9 | 10-12 || total
-------------------------+-------+-------+-------+-------++-------
Melee: Spear             |     6 |     4 |       |       ||    10
       Dagger            |       |    36 |    21 |       ||    57
       Short sword       |       |       |   116 |    54 ||   170
 Cast: Magic Dart        |    74 |   140 |   111 |       ||   325
       Call Imp          |     2 |     8 |    10 |       ||    20
       Mephitic Cloud    |       |     7 |    30 |    17 ||    54
       Conjure Flame     |       |     9 |    13 |     8 ||    30
       Foxfire           |       |       |   125 |   108 ||   233
       Swiftness         |       |       |     1 |       ||     1
       Shock             |       |       |     9 |     3 ||    12
       Stone Arrow       |       |       |     7 |    32 ||    39
       Blink             |       |       |       |     1 ||     1
       Fireball          |       |       |       |    27 ||    27
Evoke: Wand              |       |       |       |     2 ||     2
  Use: Scroll            |       |       |    10 |       ||    10
 Stab: Confused          |       |     1 |     9 |     3 ||    13
  Eat: Chunk             |     2 |    11 |    12 |     7 ||    32
       Ration            |       |       |     1 |     1 ||     2
Armor: Leather armour    |     2 |    22 |    61 |    11 ||    96
Dodge: Dodged            |    15 |    77 |   140 |    35 ||   267
Block: Buckler           |       |       |     6 |    10 ||    16
